 Dungeon Crawl Stone Soup version 0.28-a0-1555-g9ae15a6949 (webtiles) character file.

Game seed: 13966093210511585829

91 HallandMoats the Skirmisher (level 4, -1/40 HPs)
             Began as a Ghoul Monk on Jan 19, 2022.
             Slain by a gnoll (14 damage)
             ... on level 2 of the Dungeon.
             The game lasted 00:01:29 (1437 turns).

HallandMoats the Skirmisher (Ghoul Monk)            Turns: 1437, Time: 00:01:30

Health: -1/40      AC:  5    Str: 16    XL:     4   Next: 59%
Magic:  3/3        EV: 11    Int:  5    God:
Gold:   22         SH:  0    Dex: 11    Spells: 3/3 levels left

rFire   . . .      SeeInvis .   a - +0 hand axe
rCold   + . .      Faith    .   (no shield)
rNeg    + + +      Spirit   .   d - +0 ring mail
rPois   ∞          Reflect  .   (no helmet)
rElec   .          Harm     .   (no cloak)
rCorr   .          Rampage  .   (no gloves)
Will    .....                   (no boots)
Stlth   +.........              (no amulet)
HPRegen 0.00/turn               (no ring)
MPRegen 0.08/turn               (no ring)

@: inhibited regen
A: claws 1, cold resistance 1, negative energy resistance 3, inhibited
regeneration, torment resistance 2
a: no special abilities


You were on level 2 of the Dungeon.
You visited 1 branch of the dungeon, and saw 2 of its levels.

You collected 22 gold pieces.

Inventory:

Hand Weapons
 a - a +0 hand axe (weapon)
Armour
 d - a +0 ring mail (worn)
Scrolls
 c - a scroll of torment {unknown}
 e - 5 scrolls of identify {unknown}
Potions
 b - a potion of invisibility {unknown}


   Skills:
 + Level 3.9 Fighting
 * Level 3.6 Axes
 + Level 1.4 Armour
 + Level 3.1 Dodging
 - Level 2.1 Stealth


You had 3 spell levels left.
You didn't know any spells.
Your spell library was empty.

Dungeon Overview and Level Annotations

Branches:
Dungeon (2/15)

Altars:

Annotations:
D:2 Natasha


Innate Abilities, Weirdness & Mutations

You thrive by killing the living.
You are immune to poison.
You have sharp fingernails.
Your flesh is cold resistant. (rC+)
You are immune to negative energy. (rN+++)
You do not regenerate when monsters are visible.
You are immune to unholy pain and torment.


Message History

Things that are here:
a +0 whip; a gnoll corpse You start resting.
HP restored.
You climb downwards.
Level annotation: Natasha
There is a stone staircase leading up here.
There is a stone staircase leading up here.
The gnoll closely misses you.
The gnoll hits you from afar with a +0 halberd!
The gnoll hits you but does no damage. The gnoll closely misses you.
You climb upwards.
There is a stone staircase leading down here.
Things that are here:
a +0 whip; a gnoll corpse You start resting.
HP restored.
You climb downwards.
Level annotation: Natasha Natasha stares at you and mumbles some strange words.
The magic dart hits you.
There is a stone staircase leading up here.
Natasha claws you but does no damage. The gnoll closely misses you.
You barely miss the gnoll. You hit Natasha.
Natasha claws you but does no damage. The gnoll barely misses you.
You hit the gnoll but do no damage. You closely miss Natasha.
Natasha casts a spell at you. The magic dart hits you.
The gnoll closely misses you. Natasha misses you.
You hit the gnoll.
The gnoll is heavily wounded.
You barely miss Natasha. The gnoll hits you with a +0 halberd!
Natasha claws you.
You completely miss the gnoll.
The gnoll is heavily wounded.
You hit Natasha. The gnoll barely misses you. Natasha claws you.
You closely miss the gnoll.
The gnoll is heavily wounded.
You closely miss Natasha. The gnoll hits you with a +0 halberd!
You die...

<.# #### +#.##
...#+...#
#......# .
#......#
##.#..!...#
...#......# ...
.......h@<# ....
.......g.####....
...#............
. #............
#............
#............
#............
#...#....#...
##+#+[.......


You could see Natasha and a gnoll.

Vanquished Creatures
  Jessica (D:2)
  2 gnolls (D:1)
  An adder (D:1)
  4 ball pythons (D:1)
  3 bats (D:1)
  6 endoplasms (D:1)
  4 giant cockroaches (D:1)
  2 goblins (D:1)
  A hobgoblin (D:1)
  6 kobolds (D:1)
  A quokka (D:1)
  2 frilled lizards (D:1)
  4 rats (D:1)
37 creatures vanquished.

Notes
Turn   | Place    | Note
-------+----------+-------------------------------------------
     0 | D:1      | HallandMoats the Ghoul Monk began the quest for the Orb.
     0 | D:1      | Reached XP level 1. HP: 19/19 MP: 0/0
    87 | D:1      | Reached XP level 2. HP: 26/26 MP: 1/1
   543 | D:1      | Reached XP level 3. HP: 24/31 MP: 2/2
   728 | D:1      | Reached skill level 1 in Armour
   851 | D:2      | Noticed Jessica
   852 | D:2      | Noticed Natasha
   856 | D:2      | Killed Jessica
   857 | D:2      | Reached XP level 4. HP: 28/40 MP: 3/3
  1437 | D:2      | Slain by a gnoll

Illustrated notes

Levels and vault maps discovered:
D:1:      dpeg_arrival_leaves_temple_mockup, layout_basic
D:2:      layout_basic, nicolae_ecumenical_snake_handling, uniq_sigmund,
          uniq_natasha, uniq_jessica, uniq_terence

Skill      XL: |  1  2  3 |
---------------+----------+-----
Axes           | 3 |  3.6
Armour         | 1 |  1.4
Dodging        | 3 |  3.1
Fighting       | |  3.9
Stealth        | |  2.1

Action                   |  1- 3 |  4- 6 || total
-------------------------+-------+-------++-------
Melee: Hand axe          |    95 |    20 ||   115
       Punch             |     2 |     1 ||     3
 Stab: Sleeping          |     1 |       ||     1
Armor: Robe              |    17 |       ||    17
       Ring mail         |    21 |     8 ||    29
Dodge: Dodged            |    58 |    23 ||    81

Table legend: (Time is in decaauts)
 A = Elapsed time spent in this place.
 B = Non-inter-level travel time spent in this place.
 C = Inter-level travel time spent in this place.
 D = Time resting spent in this place.
 E = Time spent auto-exploring this place.
 F = Levels seen in this place.
 G = Mean time per level.
                   A        B        C        D        E       F      G
               +--------+--------+--------+--------+--------+-----+--------+
         Total |   1457 |   1457 |      0 |    526 |    648 |   2 |  728.5 |
       Dungeon |   1457 |   1457 |      0 |    526 |    648 |   2 |  728.5 |
               +--------+--------+--------+--------+--------+-----+--------+

Top non-repeatable levels by time:
     D:1: 1426 daAuts
     D:2: 31 daAuts
